 Dungeon Crawl Stone Soup version 0.27-a0-1181-g5f64966fcc (webtiles) character file.

Game seed: 1897528640425592793

271 porpoise the Conjurer (level 6, 0/36 HPs)
             Began as an Octopode Conjurer on May 18, 2021.
             Succumbed to Crazy Yiuf's poison
             ... on level 3 of the Dungeon.
             The game lasted 00:08:14 (3137 turns).

porpoise the Conjurer (Octopode Conjurer)           Turns: 3137, Time: 00:08:15

Health: 0/36       AC:  1    Str:  6    XL:     6   Next: 23%
Magic:  8/12       EV: 13    Int: 23    God:
Gold:   65         SH:  0    Dex: 10    Spells: 2/13 levels left

rFire    . . .     SeeInvis .   a - +2 mace (protect)
rCold    . . .     Faith    .   (no shield)
rNeg     . . .     Spirit   .   (helmet restricted)
rPois    .         Reflect  .   (no amulet)
rElec    .         Harm     .   g - ring of wizardry
rCorr    .         Rampage  .   l - ring of wizardry
Will     .....                  (no ring)
Stlth    +++.......             (no ring)
HPRegen  0.12/turn              (no ring)
MPRegen  0.13/turn              (no ring)
                                (no ring)
                                (no ring)

@: lethally poisoned (0 -> -15)
A: almost no armour, amphibious, 8 rings, camouflage 1, gelatinous body 1,
(nimble swimmer 1), tentacles
a: no special abilities


You were on level 3 of the Dungeon.
You visited 1 branch of the dungeon, and saw 3 of its levels.

You collected 65 gold pieces.

Inventory:

Hand Weapons
 a - a +2 mace of protection (weapon)
 f - a +0 short sword
 i - a +0 quarterstaff
Missiles
 c - 105 stones
 d - 16 boomerangs (quivered)
 h - 37 sling bullets
Jewellery
 g - a ring of wizardry (left tentacle)
 l - a ring of wizardry (right tentacle)
Scrolls
 b - a scroll of teleportation {unknown}
 e - 2 scrolls of identify {unknown}
 j - 3 scrolls of fog {unknown}
 k - a scroll of fear {unknown}
Potions
 m - a potion of invisibility {unknown}


   Skills:
 - Level 2.0 Dodging
 - Level 2.6 Stealth
 + Level 4.3 Spellcasting
 + Level 5.9 Conjurations


You had 2 spell levels left.
You knew the following spells:

 Your Spells              Type           Power      Damage    Failure   Level
a - Magic Dart            Conj           100%       1d8       1%          1
b - Searing Ray           Conj           64%        3d5       1%          2
c - Iskenderun's Mystic   Conj/Tloc      18%        2d6       9%          4
d - Fulminant Prism       Conj/Hex       9%         3d7       9%          4

Your spell library contained the following spells:

 Spells                   Type           Power      Damage    Failure   Level
 Animate Skeleton         Necr           8%         N/A       2%          1
 Apportation              Tloc           8%         N/A       2%          1
 Corona                   Hex            4%         N/A       2%          1
 Summon Small Mammal      Summ           16%        N/A       2%          1
 Dazzling Flash           Conj/Hex       36%        N/A       2%          3


Dungeon Overview and Level Annotations

Branches:
Dungeon (3/15)

Altars:

Annotations:
D:3 Crazy Yiuf


Innate Abilities, Weirdness & Mutations

You cannot wear most types of armour.
You are amphibious.
You can wear up to eight rings at the same time.
Your skin changes colour to match your surroundings (Stealth+).
Your rubbery body absorbs attacks. (AC +1, EV +1)
((You are camouflaged near water. (Stealth+)))
You have tentacles for arms and can constrict up to eight enemies at once.


Message History

Aiming: Magic Dart (safe; 1% risk of failure)
Press: ? - help, Shift-Dir - straight line, f - kobold
Aim: a kobold, wielding a +0 short sword and quivering stones (asleep, 100% to hit)
The magic dart hits the kobold.
You kill the kobold!
Casting: Magic Dart (safe; 1% risk of failure)
Confirm with . or Enter, or press ? or * to list all spells.
You can't see any susceptible monsters within range! (Use Z to cast anyway.) Unknown command.
Unknown command.
You start resting.
Magic restored.
c - 105 stones (gained 3)
You see here a +0 short sword.
You see here a +0 club.
Found a mace.
Found a runed translucent door.
Crazy Yiuf shouts!
You open the door.
Crazy Yiuf sings, "Trees, trees, trees, circus!"
Crazy Yiuf closely misses you.
Casting: Magic Dart (safe; 1% risk of failure)
Confirm with . or Enter, or press ? or * to list all spells.
Aiming: Searing Ray (safe; 1% risk of failure)
Press: ? - help, Shift-Dir - straight line, f - Crazy Yiuf
Aim: Crazy Yiuf, wielding a +3 quarterstaff of chaos and wearing a +0 cloak (83% to hit)
The searing ray hits Crazy Yiuf.
Crazy Yiuf is lightly wounded. (Press . to maintain the ray.) Crazy Yiuf hits you with a +3 quarterstaff of chaos.
You are poisoned.
The searing ray hits Crazy Yiuf.
Crazy Yiuf is moderately wounded.
You feel very sick.
Crazy Yiuf hits you with a +3 quarterstaff of chaos!
* * * LOW HITPOINT WARNING * * *
Crazy Yiuf burns you.
* * * LOW HITPOINT WARNING * * *
The searing ray hits Crazy Yiuf!
Crazy Yiuf is severely wounded.
You die...

##....####.# #....# #.####
#### #<........# ##..## ##
#...####### ♣...♣♣ #.#...#
♣♣...♣ #...#.# ♣♣.♣♣
#.###.# ♣♣.♣ #.###.#####
♣.♣♣ #.##..#)..# ♣♣.♣
#.##.##.### ♣@♣♣
#.##.##...# #g#
#.##.##..## ... #.##.##..#
#...# #.##.##..# #)..#
#.##.##..# #####
#.##.##..## #.##.##...#
###########.
#.##.###.######.........^.


You could see Crazy Yiuf.

Vanquished Creatures
  Grinder (D:3)
  An adder (D:3)
  A worm (D:2)
  2 dart slugs
  An orc (D:3)
  5 ball pythons
  6 endoplasms
  3 giant cockroaches
  4 goblins
  2 hobgoblins
  6 kobolds
  6 bats
  3 frilled lizards
  5 rats
46 creatures vanquished.

Notes
Turn   | Place    | Note
-------+----------+-------------------------------------------
     0 | D:1      | porpoise the Octopode Conjurer began the quest for the Orb.
     0 | D:1      | Reached XP level 1. HP: 11/11 MP: 3/3
   532 | D:1      | Reached XP level 2. HP: 17/17 MP: 0/5
   588 | D:1      | Learned a level 2 spell: Searing Ray
   865 | D:1      | Found a faded altar of an unknown god.
  1463 | D:2      | Reached XP level 3. HP: 21/21 MP: 4/6
  2498 | D:3      | Reached XP level 4. HP: 27/27 MP: 5/8
  2529 | D:3      | Learned a level 4 spell: Iskenderun's Mystic Blast
  2568 | D:3      | Noticed Grinder
  2570 | D:3      | Paralysed by Grinder for 6 turns
  2594 | D:3      | Killed Grinder
  2595 | D:3      | Reached skill level 5 in Conjurations
  2595 | D:3      | Reached XP level 5. HP: 3/31 MP: 1/11
  2595 | D:3      | Reached XP level 6. HP: 4/36 MP: 1/12
  2906 | D:3      | Learned a level 4 spell: Fulminant Prism
  3130 | D:3      | Found a runed translucent door.
  3131 | D:3      | Noticed Crazy Yiuf
  3137 | D:3      | Succumbed to Crazy Yiuf's poison

Illustrated notes

Levels and vault maps discovered:
D:1:      lemuel_arrival_broad_hall, layout_basic,
          ebering_ecumenical_altar_sacrificial, minmay_pentomino_q4
D:2:      layout_loops_ring
D:3:      layout_loops_ring, minmay_misc_feat_x, uniq_grinder,
          uniq_crazy_yiuf_cottage

Skill      XL: |  1  2  3  4 |
---------------+-------------+-----
Spellcasting   | 3 4 |  4.3
Conjurations   | 5 |  5.9
Dodging        | |  2.0
Stealth        | |  2.6

Action                   |  1- 3 |  4- 6 || total
-------------------------+-------+-------++-------
Melee: Constrict         |     1 |     1 ||     2
       Quarterstaff      |     1 |       ||     1
       Mace              |       |     6 ||     6
 Cast: Magic Dart        |    59 |    12 ||    71
       Searing Ray       |     9 |     4 ||    13
Armor: Skin              |       |     2 ||     2
Dodge: Dodged            |     2 |     7 ||     9

Table legend: (Time is in decaauts)
 A = Elapsed time spent in this place.
 B = Non-inter-level travel time spent in this place.
 C = Inter-level travel time spent in this place.
 D = Time resting spent in this place.
 E = Time spent auto-exploring this place.
 F = Levels seen in this place.
 G = Mean time per level.
                   A        B        C        D        E       F      G
               +--------+--------+--------+--------+--------+-----+--------+
         Total |   3138 |   3030 |    108 |   1121 |   1589 |   3 | 1046.0 |
       Dungeon |   3138 |   3030 |    108 |   1121 |   1589 |   3 | 1046.0 |
               +--------+--------+--------+--------+--------+-----+--------+

Top non-repeatable levels by time:
     D:2: 1134 daAuts
     D:1: 1082 daAuts
     D:3: 921 daAuts
